[Event "Live Chess"]
[Site "Chess.com"]
[Date "2023.05.21"]
[Round "-"]
[White "Larchikov"]
[Black "elephantgerrald"]
[Result "1-0"]
[WhiteElo "2068"]
[BlackElo "662"]
[TimeControl "300"]
[EndTime "7:16:02 PDT"]
[Termination "Larchikov won by checkmate"]

1. Nf3 d5 2. d4 Nc6 3. c4 dxc4 4. Nc3 e5 5. d5 Nb4 6. e4 c6 7. Bxc4 cxd5 8. Nxd5 Nxd5 9. Bxd5 Qa5+ 10. Bd2 Qb5 11. Nxe5 Qxb2 12. Nxf7 Qd4 13. Nxh8 Nf6 14. O-O Qe5 15.
Nf7 Qc7 16. Ng5 Qe5 17. Nf3 Qd6 18. e5 Qxd5 19. exf6 gxf6 20. Re1+ Be7 21. Bb4 Bg4 22. Rxe7+ Kf8 23. Qxd5 Bxf3 24. Qf7# 1-0

[Event "Live Chess"]
[Site "Chess.com"]
[Date "2023.05.21"]
[Round "-"]
[White "GMHarry-youtube"]
[Black "Biranidun"]
[Result "1/2-1/2"]
[WhiteElo "2057"]
[BlackElo "2518"]
[TimeControl "300"]
[EndTime "7:16:04 PDT"]
[Termination "Game drawn by stalemate"]

1. e4 c5 2. Nf3 Nf6 3. Nc3 d6 4. Bb5+ Nbd7 5. a4 a6 6. Be2 b6 7. d4 cxd4 8. Nxd4 Bb7 9. f3 e6 10. Be3 Be7 11. O-O O-O 12. Qd2 Qc7 13. Nd1 d5 14. Nf2 dxe4 15. fxe4 Nxe4 16. Nxe4 Bxe4 17. c3 Qb7 18. Bf3 Bxf3 19. Rxf3 Ne5 20. Rh3 Qe4 21. Re1 Rfd8 22. Bf4 Nc4 23. Rxe4 Nxd2 24. Bxd2 Bf6 25. Be3 Rd5 26. Kf2 b5 27. a5 Rc8 28. Nb3 Rd1 29.
Bd4 Rb1 30. Re2 Be7 31. Rd3 Rd8 32. Red2 e5 33. Bxe5 Rxd3 34. Rxd3 Rxb2+ 35. Nd2 f6 36. Bf4 Ra2 37. Bc7 Kf7 38. Ke2 Ke6 39. Bb6 Bd6 40. h3 Bf4 41. Kd1 h5 42. g3 Be5 43.
Nb3 Bd6 44. Nd4+ Ke5 45. Nc6+ Ke6 46. Nd4+ Ke5 47. Nc2 Ra4 48. Rd4 Ra2 49. Rd2 Ra4 50. Ne3 Bf8 51. Kc2 Ke4 52. Rd4+ Rxd4 53. Bxd4 Kf3 54.
g4 h4 55. Nf5 Kg2 56. Nxh4+ Kxh3 57. Ng6 Kxg4 58. Nxf8 f5 59. Ne6 g5 60. Bf6 f4 61.
Nxg5 Kf5 62. Bd8 f3 63. Nxf3 Ke6 64. Nd4+ Kd5 65. Bb6 Kc4 66. Kb2 Kd5 67. Kb3 Kd6 68. Kb4 Kd5 69. c4+ bxc4 70. Nc2 c3 71. Kxc3 Kc6 72.
Kb4 Kb7 73. Nd4 Kc8 74. Nc6 Kb7 75. Kc5 Kc8 76. Nb4 Kb7 77. Nxa6 Kc8 78. Kc6 1/2-1/2

[Event "Live Chess"]
[Site "Chess.com"]
[Date "2023.05.21"]
[Round "-"]
[White "DRS44"]
[Black "JoRoSaR"]
[Result "0-1"]
[WhiteElo "1307"]
[BlackElo "1674"]
[TimeControl "300"]
[EndTime "7:16:16 PDT"]
[Termination "JoRoSaR won on time"]

1. e4 c5 2. a3 Nc6 3. b4 cxb4 4.
Bb2 bxa3 5. Rxa3 e5 6. Rh3 d6 7.
Rg3 g6 8. Bc4 Nf6 9. Qf3 Bg7 10.
d4 Nxd4 11. Bxd4 exd4 12. Nd2 O-O 13. h4 Re8 14. h5 d5 15. h6 Bh8 16. Ne2 dxc4 17. Nxc4 Bg4 18. Qe3 Rxe4 19. Qxe4 Nxe4 20. Rxg4 f5 21. Rf4 Qc7 22. g3 Qxc4 23. f3 Qxe2+ 24. Kxe2 Nxg3+ 25. Kf2 Nxh1+ 26. Kg2 Re8 27. Kxh1 Re2 0-1

[Event "Live Chess"]
[Site "Chess.com"]
[Date "2023.05.21"]
[Round "-"]
[White "Duke_of_Bebington"]
[Black "whitedjohn"]
[Result "0-1"]
[WhiteElo "1552"]
[BlackElo "1676"]
[TimeControl "300"]
[EndTime "7:16:18 PDT"]
[Termination "whitedjohn won by resignation"]

1. e4 Nf6 2. e5 Nd5 3. c4 Nb6 4. d4 d6 5. f4 dxe5 6. fxe5 Nc6 7. Nf3 Bg4 8. Be3 e6 9. Be2 Be7 10. O-O O-O 11. a4 a5 12. d5 Bxf3 13.
Bxf3 Nxe5 14. Bxb6 cxb6 15. dxe6 fxe6 16. Bxb7 Rb8 17.
Rxf8+ Bxf8 18. Bf3 Qxd1+ 19. Bxd1 Nxc4 20. Nc3 Bc5+ 21. Kf1 Ne3+ 22. Ke1 Nxg2+ 23. Kd2 Rd8+ 24. Kc2 Ne3+ 25. Kc1 Nxd1 26. Nxd1 e5 27. Nc3 Kf7 28. Kc2 Bd4 29. Re1 Rc8 30. Kd3 Bxc3 31. bxc3 Ke6 32. c4 Rc5 33. Rb1 Rc6 34. Rb5 g5 35.
h3 h5 36. Rd5 Rd6 37. Ke4 Rxd5 38. cxd5+ Kd6 39. Kf5 g4 40. hxg4 hxg4 41. Kxg4 Kxd5 42.
Kf5 Kd4 0-1

[Event "Live Chess"]
[Site "Chess.com"]
[Date "2023.05.21"]
[Round "-"]
[White "robotking06"]
[Black "MartynColebrook"]
[Result "0-1"]
[WhiteElo "308"]
[BlackElo "1335"]
[TimeControl "300"]
[EndTime "7:16:22 PDT"]
[Termination "MartynColebrook won by checkmate"]

1. e4 d5 2. exd5 Qxd5 3. Nc3 Qa5 4. d4 e5 5. dxe5 Qxe5+ 6. Be2 Bf5 7. g4 Bxg4 8. f3 Bf5 9. f4 Qd6 10. Bb5+ Nd7 11. Qxd6 Bxd6 12. Be3 O-O-O 13. O-O-O Nb6 14. Nd5 Nxd5 15. Rxd5 Be4 16. Rd4 Bxh1 17. Bf2 Nf6 18.
Bh4 Bxf4+ 19. Kb1 Rxd4 20. Bxf6 gxf6 21. Bd7+ Kxd7 22. c4 Re8 23. Nf3 Rd1+ 24. Kc2 Bxf3 25. Kc3 Re3+ 26. Kc2 c5 27. h4 b5 28. b4 cxb4 29.
cxb5 Kd6 30. Kb2 Kc5 31. Kc2 Kxb5 32. h5 Rc3+ 33. Kb2 Bc1+ 34. Kb1 Ba3# 0-1

[Event "Live Chess"]
[Site "Chess.com"]
[Date "2023.05.21"]
[Round "-"]
[White "Hussamalhaidar"]
[Black "NateSolon"]
[Result "0-1"]
[WhiteElo "1136"]
[BlackElo "2643"]
[TimeControl "300"]
[EndTime "7:16:27 PDT"]
[Termination "NateSolon won - game abandoned"]

1. b3 e5 2. Bb2 Nc6 3. e3 d5 4. Bb5 Ne7 5. Bxe5 a6 6. Bxc6+ Nxc6 7. Bb2 Qg5 8. Qf3 Bg4 9. Qf4 Qg6 10. d3 Bd6 11. Qa4 b5 0-1

[Event "Live Chess"]
[Site "Chess.com"]
[Date "2023.05.21"]
[Round "-"]
[White "zdanevych"]
[Black "WilliamofOrange16th"]
[Result "0-1"]
[WhiteElo "1498"]
[BlackElo "1867"]
[TimeControl "300"]
[EndTime "7:16:29 PDT"]
[Termination "WilliamofOrange16th won by checkmate"]

1. d4 d5 2. c4 c6 3. Nc3 Nf6 4. Nf3 a6 5. h3 Bf5 6. Bf4 dxc4 7.
e3 b5 8. a3 e6 9. Be2 Bd6 10.
Bg5 Nbd7 11. O-O h6 12. Bh4 Qc7 13. b3 cxb3 14. Qxb3 g5 15. Bg3 Bxg3 16. fxg3 Qxg3 17. Kh1 g4 18. Ne5 gxh3 19. Bf3 hxg2+ 20. Bxg2 Nxe5 21. dxe5 Ng4 22. Rxf5 Qh2# 0-1

[Event "Live Chess"]
[Site "Chess.com"]
[Date "2023.05.21"]
[Round "-"]
[White "BillythekidFellowes"]
[Black "LaupMiths"]
[Result "1-0"]
[WhiteElo "2091"]
[BlackElo "1809"]
[TimeControl "300"]
[EndTime "7:16:39 PDT"]
[Termination "BillythekidFellowes won by resignation"]

1. e4 c5 2. Nf3 e6 3. d4 cxd4 4. Nxd4 Nc6 5. Nc3 a6 6. Nxc6 bxc6 7. Bd3 d5 8. exd5 cxd5 9. O-O Nf6 10. Bg5 Be7 11. Re1 h6 12. Bxf6 Bxf6 13. Qf3 O-O 14. Rad1 Qc7 15. Ne4 dxe4 16. Qxe4 g6 17. Qxa8 Bb7 18.
Qa7 Qc6 19. Be4 1-0

[Event "Live Chess"]
[Site "Chess.com"]
[Date "2023.05.21"]
[Round "-"]
[White "ProfPoisson"]
[Black "Ferrarifan27"]
[Result "0-1"]
[WhiteElo "1218"]
[BlackElo "2055"]
[TimeControl "300"]
[EndTime "7:16:40 PDT"]
[Termination "Ferrarifan27 won on time"]

1. e4 e5 2. Nf3 Nc6 3. d4 exd4 4.
Bc4 Bb4+ 5. c3 dxc3 6. bxc3 Ba5 7. Ng5 Nh6 8. Qf3 Ne5 9. Bxf7+ Nhxf7 10. Qf5 d6 11. Nxf7 Bxf5 12. Nxd8 Bxe4 13. Ne6 Nd3+ 14. Kd2 Nxc1 15. Rxc1 Bxg2 16. Rg1 Bd5 17. Nxg7+ Kd7 18. Nf5 Rhg8 19. Re1 Rae8 20. Na3 Rxe1 21. Rxe1 Re8 22. Rg1 Bb6 23. Rg7+ Kc6 24. Ne7+ Kc5 25. Nxd5 Kxd5 26. Rxh7 Bxf2 27. Rxc7 Be3+ 28. Kd3 Bc5 29. c4+ Ke6 30.
Nb5 a6 31. Nd4+ Bxd4 32. Kxd4 Rb8 33. Rh7 b5 34. cxb5 Rxb5 35. h4 Ra5 36. h5 Ra4+ 37.
Kc3 Rxa2 38. Rh8 Kd5 39. h6 Rh2 40. h7 a5 41. Kb3 Rh4 42. Kc3 a4 43. Kb2 Kd4 44.
Ka3 Kd5 45. Ka2 Rh3 46. Kb2 a3+ 47. Ka2 Kd4 48. Ra8 Rxh7 49. Rxa3 Rb7 50. Rb3 Rxb3 51. Kxb3 Kd3 52. Kb2 Kd2 53. Kb3 d5 54. Kb4 d4 55.
Kc4 d3 0-1

[Event "Live Chess"]
[Site "Chess.com"]
[Date "2023.05.21"]
[Round "-"]
[White "whatnot126"]
[Black "TheSmoulderingMaster"]
[Result "1-0"]
[WhiteElo "2069"]
[BlackElo "1658"]
[TimeControl "300"]
[EndTime "7:16:49 PDT"]
[Termination "whatnot126 won by resignation"]

1. e4 c5 2. c3 d5 3. exd5 Qxd5 4. d4 Nc6 5. Nf3 Bg4 6. Nbd2 e6 7. Bc4 Qh5 8. h3 Nf6 9. O-O Bf5 10. g4 Nxg4 11. hxg4 Bxg4 12. Be2 Bd6 13. dxc5 Bf4 14. Re1 O-O-O 15.
Qc2 Rxd2 16. Bxd2 Bxf3 17. Bxf3 Qxf3 18. Bxf4 Qxf4 19. Re4 Qg5+ 20. Kf1 Rd8 21. Rd1 Rxd1+ 22. Qxd1 Qf5 23. Qg4 Qxc5 24. Qxg7 Qd5 25. Qg8+ Kc7 26. Qxf7+ Kb6 27. Qxe6 Qd1+ 28. Re1 Qd3+ 29. Kg1 a6 30. a4 Qc2 31. Qe3+ Ka5 32. Qc5+ Kxa4 33. Ra1+ Kb3 34. Qa3+ Kc4 35. Qa4+ Qxa4 36. Rxa4+ Kd3 37. Rh4 Kc2 38. Rxh7 Na5 39. Rc7 Kxb2 40. f4 Nc6 41. Rxb7+ Kxc3 42. Rb6 Nd4 43. Rxa6 Nf5 44. Kf2 Kd4 45. Kf3 Kd3 46. Kg4 Ne3+ 47. Kg5 Kd4 48. Ra4+ Kd5 49. f5 Kd6 50. Kg6 Ke7 51. f6+ Ke8 52. Ra8+ Kd7 53. f7 Nd5 54. f8=Q Ne7+ 55. Qxe7+ 1-0

[Event "Live Chess"]
[Site "Chess.com"]
[Date "2023.05.21"]
[Round "-"]
[White "KeithArkell"]
[Black "Missedidea"]
[Result "1-0"]
[WhiteElo "2476"]
[BlackElo "1783"]
[TimeControl "300"]
[EndTime "7:16:59 PDT"]
[Termination "KeithArkell won by resignation"]

1. d4 Nf6 2. Nf3 g6 3. c4 Bg7 4.
Nc3 O-O 5. g3 d6 6. Bg2 Nc6 7.
O-O Nd7 8. Be3 e5 9. h3 Na5 10.
b3 c5 11. dxe5 dxe5 12. Rc1 Nc6 13. Bg5 f6 14. Bd2 Nd4 15. e3 Nf5 16. Qe2 Nb6 17.
Rfd1 Qe7 18. Ne4 Be6 19. g4 Nh6 20. g5 Nf5 21. gxf6 Bxf6 22. Nxf6+ Rxf6 23. Nxe5 Nh4 24. Bc3 Nxg2 25. Kxg2 Bf5 26. e4 Bd7 27. Nxd7 Nxd7 28. Rxd7 Rxf2+ 29. Qxf2 Qxd7 30. Qf6 Rf8 31. Qh8+ Kf7 32.
Qxh7+ Ke8 33. Qxd7+ Kxd7 34. Rf1 Rxf1 35. Kxf1 1-0

[Event "Live Chess"]
[Site "Chess.com"]
[Date "2023.05.21"]
[Round "-"]
[White "SupremeTactician"]
[Black "LiamClery2020"]
[Result "0-1"]
[WhiteElo "2209"]
[BlackElo "1974"]
[TimeControl "300"]
[EndTime "7:16:59 PDT"]
[Termination "LiamClery2020 won by resignation"]

1. e4 Nf6 2. e5 Nd5 3. d4 d6 4.
Nf3 dxe5 5. Nxe5 c6 6. c4 Nb4 7. Nc3 Qxd4 8. Qxd4 Nc2+ 9. Kd1 Nxd4 10. Be3 Nf5 11.
Bf4 Nd7 12. g4 Nxe5 13. Bxe5 Nh6 14. h3 Be6 15. b3 O-O-O+ 16. Kc2 f5 17. f3 fxg4 18.
hxg4 Nf7 19. Bf4 g6 20. Re1 Bd7 21. Bd3 Bg7 22. Rxe7 Rdf8 23. Ne4 Kd8 24. Re1 Kxe7 25. Nc5+ Kd8 26. Nxb7+ Kc8 27. Nd6+ Nxd6 28. Bxd6 Re8 29. Rf1 Bf8 30. Bg3 Bc5 31. a3 Rhf8 32. b4 Bb6 33.
Bd6 Rf6 34. Bg3 Bxg4 35. c5 Bc7 36. Bxc7 Kxc7 37. fxg4 Rxf1 38. Bxf1 Re4 39. Bh3 Re3 40. Bf1 Rg3 41. Be2 Rg2 42. Kd3 Rg3+ 43. Kd4 Rxa3 44. Ke5 Rb3 45. Kf6 Rxb4 46. Kg7 a5 47. Kxh7 a4 48.
Kxg6 a3 49. Bc4 Rxc4 0-1

[Event "Live Chess"]
[Site "Chess.com"]
[Date "2023.05.21"]
[Round "-"]
[White "JoeRoot66"]
[Black "Man-Del-Brot"]
[Result "1-0"]
[WhiteElo "1901"]
[BlackElo "1061"]
[TimeControl "300"]
[EndTime "7:17:00 PDT"]
[Termination "JoeRoot66 won on time"]

1. e4 e5 2. Nc3 Nf6 3. f4 d6 4. Nf3 Bg4 5. fxe5 Bxf3 6. Qxf3 dxe5 7. Bc4 c6 8. d3 Be7 9. O-O Nbd7 10. Qg3 g6 11. Bg5 O-O 12. Rf3 Nh5 13. Bxe7 Qxe7 14. Qh3 Nf4 15. Qg4 Nf6 16. Qg3 N6h5 17. Qg4 Nf6 18. Qh4 b5 19. Bb3 b4 20. Nd1 Ne2+ 21.
Kf2 Nd4 22. Qxf6 Qxf6 23. Rxf6 Nxb3 24. axb3 Kg7 25. Rxc6 a5 26. Rc5 f5 27. Kg1 fxe4 28. dxe4 Rfd8 29. Rxe5 Rd2 30. Ne3 Rf8 31. Re7+ Kh6 32.
Ng4+ Kg5 33. Ne3 1-0

[Event "Live Chess"]
[Site "Chess.com"]
[Date "2023.05.21"]
[Round "-"]
[White "viktorskliarov"]
[Black "Conradical12"]
[Result "1/2-1/2"]
[WhiteElo "2643"]
[BlackElo "1556"]
[TimeControl "300"]
[EndTime "7:17:04 PDT"]
[Termination "Game drawn by repetition"]

1. e4 e5 2. Nc3 Nc6 3. Bc4 Nf6 4.
d3 Bc5 5. a3 a5 6. h3 d6 7. Nge2 O-O 8. Ng3 h6 9. O-O Nd4 10. Be3 c6 11. Nce2 Qb6 12. c3 Nxe2+ 13. Qxe2 Bxe3 14. fxe3 d5 15. Ba2 Be6 16. Rxf6 gxf6 17.
Rf1 Qd8 18. Nh5 dxe4 19. dxe4 f5 20. Bb1 b5 21. Rf3 Kh8 22. exf5 Bd5 23. Rg3 Rg8 24. Rxg8+ Qxg8 25. e4 Bc4 26. Qe3 Qg5 27. Qxg5 hxg5 28. Kf2 Rd8 29. Ke1 Bd3 30. Bxd3 Rxd3 31. Ke2 Rd7 32.
Nf6 Rb7 33. Ng4 b4 34. cxb4 axb4 35. Nxe5 bxa3 36. bxa3 c5 37. Kd3 f6 38. Ng4 Kg7 39. Kc4 Ra7 40. Kxc5 Rxa3 41. Kd4 Ra4+ 42. Ke3 Kf7 43.
Kf3 Ra3+ 44. Kf2 Ke7 45. g3 Ra4 46. Kf3 Ra3+ 47. Kf2 Kd6 48. h4 gxh4 49. gxh4 Ke7 50. Kg2 Ra2+ 51. Kg3 Kf7 52. h5 Ra8 53. h6 Re8 54. Kf4 Rh8 55. e5 fxe5+ 56. Nxe5+ Kf6 57. Ng4+ Ke7 58. Ne5 Kf6 59. Ng4+ Kf7 60. Kg5 Rg8+ 61. Kf4 Rh8 62. Kg5 Rg8+ 63. Kf4 Rh8 1/2-1/2

[Event "Live Chess"]
[Site "Chess.com"]
[Date "2023.05.21"]
[Round "-"]
[White "MarkLim1"]
[Black "davigator"]
[Result "1/2-1/2"]
[WhiteElo "1705"]
[BlackElo "2288"]
[TimeControl "300"]
[EndTime "7:17:19 PDT"]
[Termination "Game drawn by repetition"]

1. e4 c5 2. Nf3 Nc6 3. Bb5 g6 4. O-O Bg7 5. c3 Nf6 6. Re1 O-O 7. d4 cxd4 8. cxd4 d5 9. e5 Ne4 10.
Bd3 Bf5 11. Nc3 Nxc3 12. bxc3 Bxd3 13. Qxd3 f6 14. exf6 exf6 15. Ba3 Rf7 16. Re6 Qd7 17. Rae1 Rd8 18. h3 Qc7 19. Re8+ Rxe8 20. Rxe8+ Bf8 21. Qe3 Qd7 22. Bxf8 Rxf8 23. Rxf8+ Kxf8 24. Qf4 Kg7 25. Ne1 Na5 26. Nd3 b6 27. Nb4 Kf7 28. Qf3 Ke6 29. Qe3+ Kf7 30. Qh6 Ke6 31. Qe3+ Kf7 32. Qh6 Ke6 33.
Qe3+ 1/2-1/2

[Event "Live Chess"]
[Site "Chess.com"]
[Date "2023.05.21"]
[Round "-"]
[White "LL220284LL"]
[Black "WelshTiger"]
[Result "0-1"]
[WhiteElo "2251"]
[BlackElo "2334"]
[TimeControl "300"]
[EndTime "7:17:24 PDT"]
[Termination "WelshTiger won by resignation"]

1. d4 d5 2. Bf4 e6 3. Nf3 Bd6 4. e3 Bxf4 5. exf4 c5 6. Nbd2 cxd4 7. Nxd4 Nc6 8. N2f3 Nf6 9. Bd3 Qb6 10. b3 Bd7 11. Ne2 O-O 12. O-O Rac8 13. c4 Nb4 14. Ne5 Nxd3 15. Qxd3 Rfd8 16. cxd5 Nxd5 17. g3 Bb5 18. Qf3 Rc2 19. Rfe1 f6 20. Nc4 Bxc4 21. bxc4 Rxc4 22. Rad1 Rcc8 23. Nd4 Nc3 24. Rxe6 Qc5 25. Rde1 Qxd4 26. Qxb7 Qd7 27. Re8+ Qxe8 28. Rxe8+ Rxe8 29. Qxa7 Ne4 30. Qd7 Rcd8 31. Qc6 f5 32. Qb5 g6 33.
Qc4+ Kg7 34. f3 Nf6 35. g4 fxg4 36. fxg4 Re4 37. Qc7+ Rd7 38. Qc3 Red4 39. g5 Ne4 40. Qb2 Kf7 41. Qb3+ R7d5 42. a4 Ke6 43. a5 Kf5 44.
Qh3+ Kxf4 45. Qh4+ Ke3 46. Qe1+ Kf4 47. Qh4+ Kf5 48.
Qh3+ Kxg5 49. Qe3+ Kf5 50. Qh3+ Kf6 51. Qh4+ Ng5 52.
Qf2+ Kg7 53. Qb2 Kh6 54. Qb8 Rd2 55. h4 Nf3+ 56. Kf1 Rf5 57. a6 Nd4+ 58. Ke1 Re2+ 0-1

[Event "Live Chess"]
[Site "Chess.com"]
[Date "2023.05.21"]
[Round "-"]
[White "CheckThis4"]
[Black "JanMur7"]
[Result "1-0"]
[WhiteElo "2527"]
[BlackElo "1970"]
[TimeControl "300"]
[EndTime "7:17:47 PDT"]
[Termination "CheckThis4 won by checkmate"]

1. d4 Nf6 2. Nc3 d5 3. e4 e6 4.
Bg5 dxe4 5. Nxe4 Be7 6. Bxf6 Bxf6 7. Nf3 O-O 8. c3 b6 9. Bd3 Bb7 10. Qe2 Nd7 11. O-O-O Qe7 12. h4 c5 13. Nfg5 h6 14.
Nh7 Rfc8 15. dxc5 Bxe4 16. Bxe4 Rab8 17. c6 Nc5 18. Nxf6+ Qxf6 19. Bf3 e5 20. Rhe1 e4 21. Bxe4 Qf4+ 22. Qd2 Qxd2+ 23. Rxd2 Nxe4 24. Rxe4 Rxc6 25. Rd7 a5 26. Rf4 f6 27. Re4 Kh7 28. h5 Rbc8 29. Ree7 Rg8 30. Kd2 f5 31. f4 Rc4 32. g3 Rc5 33. b3 b5 34. Kd3 Rcc8 35. c4 bxc4+ 36. bxc4 Rb8 37. c5 Rb1 38. c6 Rc1 39. c7 a4 40. a3 Kh8 41. Kd4 Rd1+ 42. Ke5 Rc1 43. Kxf5 Rf8+ 44. Kg4 Rc3 45. Rd8 Kh7 46. Rdd7 Kh8 47.
Rf7 Rg8 48. Rd8 Rxd8 49. cxd8=Q+ Kh7 50. Rxg7+ Kxg7 51. Qd4+ Kg8 52. Qxc3 Kh7 53. Kf5 Kg8 54. Qc8+ Kh7 55. Qb7+ Kg8 56. Kg6 Kf8 57. Qf7# 1-0

[Event "Live Chess"]
[Site "Chess.com"]
[Date "2023.05.21"]
[Round "-"]
[White "martynstanley"]
[Black "CocheseUK"]
[Result "0-1"]
[WhiteElo "1006"]
[BlackElo "1057"]
[TimeControl "300"]
[EndTime "7:17:50 PDT"]
[Termination "CocheseUK won by checkmate"]

1. d4 d5 2. e3 Nc6 3. Bd3 Bd7 4.
c3 e6 5. f4 Bd6 6. Nf3 Nf6 7.
O-O Ne4 8. Nbd2 O-O 9. Ne5 Nxe5 10. fxe5 Be7 11. Rf3 Nxd2 12. Bxd2 f6 13. Bxh7+ Kh8 14. Rh3 fxe5 15. Qh5 Rf6 16. dxe5 Rh6 17. Qg4 Kxh7 18.
Rxh6+ gxh6 19. e4 Bg5 20. Bxg5 Qxg5 21. Qxg5 hxg5 22. Rf1 Kg7 23. h3 dxe4 24. g4 e3 25.
Re1 Rf8 26. Rxe3 Rf4 27. Kg2 Bc6+ 28. Kg3 Kf7 29. h4 Kg6 30. hxg5 Kxg5 31. b3 Rxg4+ 32.
Kf2 Rf4+ 33. Ke2 Kg4 34. Kd2 Rf2+ 35. Re2 Rxe2+ 36. Kxe2 Bf3+ 37. Ke3 c5 38. b4 cxb4 39. cxb4 b5 40. a3 a6 41. Kd4 Kf4 42. Kc5 Kxe5 43. Kb6 Kd6 44. Kxa6 Kc6 45. a4 bxa4 46. b5+ Kc7 47.
Ka5 Be2 48. Kxa4 Bxb5+ 49. Kxb5 Kd6 50. Kc4 e5 51. Kd3 Kd5 52. Ke3 e4 53. Kd2 Kd4 54. Ke2 e3 55. Kd1 Kd3 56. Ke1 e2 57. Kf2 Kd2 58.
Kf3 e1=Q 59. Kf4 Qe3+ 60. Kf5 Kd3 61. Kf6 Qe4 62. Kf7 Kd4 63. Kg7 Kd5 64. Kh6 Ke6 65. Kg7 Ke7 66. Kh6 Qg4 67. Kh7 Kf7 68. Kh8 Qg8# 0-1

[Event "Live Chess"]
[Site "Chess.com"]
[Date "2023.05.21"]
[Round "-"]
[White "hturner40"]
[Black "luckywookie"]
[Result "1-0"]
[WhiteElo "1760"]
[BlackElo "818"]
[TimeControl "300"]
[EndTime "7:17:59 PDT"]
[Termination "hturner40 won by checkmate"]

1. Nf3 c6 2. Nc3 d5 3. e4 Bg4 4. h3 Bxf3 5. Qxf3 e6 6. d4 Bb4 7. e5 Nd7 8. a3 Bxc3+ 9. bxc3 Nb6 10.
Qg3 g6 11. Bg5 Qd7 12. Qh4 h6 13. a4 Nc4 14. Bxc4 dxc4 15. O-O c5 16. Rfd1 b6 17. dxc5 Qc6 18. Rd6 Qxc5 19. Rad1 Qxe5 20. Rd8+ Rxd8 21.
Rxd8# 1-0

[Event "Live Chess"]
[Site "Chess.com"]
[Date "2023.05.21"]
[Round "-"]
[White "AttackingSnowLeopard"]
[Black "diana21strabt"]
[Result "1-0"]
[WhiteElo "2171"]
[BlackElo "1755"]
[TimeControl "300"]
[EndTime "7:18:00 PDT"]
[Termination "AttackingSnowLeopard won by resignation"]

1. Nf3 Nf6 2. d4 g6 3. c4 Bg7 4. Nc3 O-O 5. e4 d6 6. Be2 Nbd7 7. O-O e5 8. Re1 exd4 9. Nxd4 Nc5 10. Bf1 a5 11. f3 Re8 12. Be3 Ne6 13. Qd2 Nxd4 14. Bxd4 Be6 15. Nd5 c6 16. Nb6 c5 17. Nxa8 cxd4 18.
Qxd4 Qxa8 19. Qxd6 Qa7+ 20. Kh1 Bf8 21. Qf4 Nh5 22.
Qg5 h6 23. Qb5 Rd8 24. Be2 Bb4 25. Rf1 Nf4 26. Bd1 Qe3 27. Bb3 Qe2 28. Rg1 Rd2 29. Rae1 Qd3 30. Qxb7 Rxg2 31. Qb8+ Kh7 32. Qxf4 Rxb2 33. c5 Bxb3 34. axb3 Qxb3 35. c6 Bxe1 36. Rxe1 Rb1 37. Rxb1 Qxb1+ 38. Kg2 Qc2+ 39. Kg3 Qxc6 40. Qxf7+ Kh8 41. Qf8+ Kh7 42. Qe7+ Kh8 43. Qd8+ Kg7 44. Qxa5 Qd6+ 45. Kg2 h5 46. Qd5 Qf4 47. e5 h4 48.
Qe4 Qd2+ 49. Kh3 g5 50. e6 Qd8 51. Kg4 Qe7 52. Qe5+ Kh6 53. Qf5 Qb4+ 54. Kh3 Qe7 55. Qf7 Qxf7 56. exf7 Kg7 57. Kg4 Kxf7 58. Kxg5 h3 59. Kg4 Kf6 60. Kxh3 Kf5 61. Kg3 Kg5 62. f4+ Kf5 63. Kf3 Kg6 64. Kg4 Kf6 65. f5 Kf7 66.
Kf4 Kf6 67. h4 Kg7 68. h5 Kf6 69. Kg4 Kg7 70. Kg5 Kf7 71. h6 Kg8 72. f6 Kh7 73. Kf5 Kxh6 74. Ke6 Kg6 75. Ke7 Kg5 76.
f7 Kf4 77. f8=Q+ Kg4 78. Ke6 Kg3 79. Ke5 Kg4 80. Ke4 Kg5 81. Qf7 Kg4 82. Qg6+ Kh4 83.
Kf3 1-0

[Event "Live Chess"]
[Site "Chess.com"]
[Date "2023.05.21"]
[Round "-"]
[White "JoRoSaR"]
[Black "robotking06"]
[Result "1-0"]
[WhiteElo "1674"]
[BlackElo "308"]
[TimeControl "300"]
[EndTime "7:18:02 PDT"]
[Termination "JoRoSaR won by resignation"]

1. e4 c6 2. d4 d5 3. exd5 cxd5 4. Bd3 Nf6 5. c3 Bg4 6. Qb3 e6 7. Qxb7 Nbd7 8. Bf4 Rb8 9. Bxb8 Nxb8 10. Bb5+ Nbd7 11. Nd2 Qb8 12. Qxb8+ Ke7 13. Qxa7 1-0

[Event "Live Chess"]
[Site "Chess.com"]
[Date "2023.05.21"]
[Round "-"]
[White "elephantgerrald"]
[Black "Biranidun"]
[Result "0-1"]
[WhiteElo "662"]
[BlackElo "2518"]
[TimeControl "300"]
[EndTime "7:18:03 PDT"]
[Termination "Biranidun won by checkmate"]

1. d4 Nf6 2. c3 g6 3. Nf3 Bg7 4. Bg5 O-O 5. Nbd2 d6 6. Qb3 Nbd7 7. O-O-O c5 8. dxc5 Nxc5 9. Qc2 Bf5 10. e4 Nfxe4 11. Re1 Nxg5 12. Qd1 Nxf3 13. Nxf3 Qa5 14. Rxe7 Bxc3 15.
Qxd6 Bxb2+ 16. Kxb2 Qb4+ 17. Kc1 Qc3+ 18. Kd1 Rad8 19.
Qxd8 Rxd8+ 20. Ke2 Qd3+ 21. Ke1 Qd1# 0-1

[Event "Live Chess"]
[Site "Chess.com"]
[Date "2023.05.21"]
[Round "-"]
[White "RichardABates"]
[Black "worldchessleaguelive"]
[Result "1-0"]
[WhiteElo "2144"]
[BlackElo "1364"]
[TimeControl "300"]
[EndTime "7:18:04 PDT"]
[Termination "RichardABates won by checkmate"]

1. d4 d5 2. c4 e6 3. Nf3 Nf6 4.
Nc3 Be7 5. cxd5 Nxd5 6. e4 Nxc3 7. bxc3 O-O 8. Bd3 Nd7 9. e5 c5 10. h4 cxd4 11. Bxh7+ Kxh7 12. Ng5+ Bxg5 13. hxg5+ Kg6 14. Qh5+ Kf5 15. Qf3+ Kg6 16. Qe4+ f5 17. gxf6+ Kf7 18. Rh7 Rg8 19. Bg5 Qf8 20. Bh6 Nxf6 21. exf6 Kxf6 22. Qf4+ Ke7 23. Bg5+ Kd7 24. Qxd4+ Kc6 25. Be3 Qf5 26. Qc4+ Kd7 27. Rd1+ Ke7 28. Qc7+ Kf6 29. Rh4 g5 30.
Rh6+ Rg6 31. Rh7 Bd7 32. Rdxd7 Rf8 33. Rdf7+ Rxf7 34. Rxf7# 1-0

[Event "Live Chess"]
[Site "Chess.com"]
[Date "2023.05.21"]
[Round "-"]
[White "peleus16"]
[Black "elizaveta_frundina"]
[Result "1-0"]
[WhiteElo "1651"]
[BlackElo "1578"]
[TimeControl "300"]
[EndTime "7:18:28 PDT"]
[Termination "peleus16 won by resignation"]

1. d4 d5 2. Nc3 Nf6 3. Bf4 e5 4. dxe5 Nh5 5. Bg3 Nxg3 6. hxg3 Be6 7. Nf3 Bb4 8. Qd3 O-O 9. a3 Bxc3+ 10. Qxc3 Nc6 11.
O-O-O Qe7 12. Qd3 g6 13. Nh4 Qg5+ 14. Kb1 Nxe5 15. Qc3 c5 16. f4 d4 17. Qd2 Qxg3 18. fxe5 Qxe5 19. Qh6 Qd5 20. Nf5 Qa2+ 21. Kc1 Qa1+ 22.
Kd2 1-0

[Event "Live Chess"]
[Site "Chess.com"]
[Date "2023.05.21"]
[Round "-"]
[White "wot-not"]
[Black "mattihelenius2"]
[Result "1-0"]
[WhiteElo "1551"]
[BlackElo "495"]
[TimeControl "300"]
[EndTime "7:18:30 PDT"]
[Termination "wot-not won by resignation"]

1. e4 e5 2. Bc4 d6 3. Qf3 Be6 4. Bxe6 Qf6 5. Qxf6 Nxf6 6. Bb3 Nc6 7. f4 Nd4 8. Nf3 exf4 9. Nxd4 Nxe4 10. O-O Nxd2 11.
Bxd2 O-O-O 12. Nc3 Re8 13. Bxf4 Be7 14. Rae1 f6 15.
Bg3 h5 16. Ncb5 a6 17. Nc3 g6 18. Nd5 c6 19. Nxe7+ Kd7 20. Nxg6 Rxe1 21. Rxe1 Re8 22. Rxe8 Kxe8 23. Bxd6 Kd7 24. Be7 Ke8 25. Nf5 Kd7 26.
Bf7 b5 27. Kf2 Kc7 28. Ke3 Kb6 29. Kd4 Ka5 30. a3 Kb6 31. b4 c5+ 32. bxc5+ Ka5 33. c6 Kb6 34. Kd5 Kc7 35. Bd6+ Kb6 36. c7 Kb7 1-0

[Event "Live Chess"]
[Site "Chess.com"]
[Date "2023.05.21"]
[Round "-"]
[White "Vedant-1411"]
[Black "HadesLearmonth"]
[Result "0-1"]
[WhiteElo "863"]
[BlackElo "1210"]
[TimeControl "300"]
[EndTime "7:18:32 PDT"]
[Termination "HadesLearmonth won by checkmate"]

1. d4 d5 2. Nf3 Nf6 3. Nc3 e6 4. Bf4 Be7 5. Bg3 O-O 6. Nb5 c6 7. Nc7 Bd6 8. Nxa8 Bxg3 9. hxg3 Nbd7 10. e3 b5 11. Qd2 Ba6 12. Kd1 c5 13. Qc3 b4 14.
Qe1 c4 15. Kd2 c3+ 16. bxc3 Bxf1 17. Qxf1 bxc3+ 18. Kxc3 Ne4+ 19. Kd3 Qxa8 20. Qg1 Qc6 21. Ke2 Qxc2+ 22. Ke1 Nc3 23. Qf1 Qb2 24. Qg1 Qxa1+ 25. Kd2 Qb2+ 26. Kd3 Nxa2 27. Qh2 Qc3+ 28. Ke2 Qc2+ 29.
Ke1 h6 30. Ng5 f6 31. Nxe6 Rb8 32. Nxg7 Rb1# 0-1